 Dungeon Crawl Stone Soup version 0.24.0-28-g17ded55e90 (webtiles) character file.

Game seed: 6457327149932307384, levelgen mode: deterministic

357 Delamore the Cleaver (level 6, -8/51 HPs)
             Began as a Hill Orc Fighter on Nov 11, 2019.
             Was a Follower of Qazlal.
             Killed by divine providence
             ... invoked by an orc priest
              (14 damage)
             ... on level 4 of the Dungeon.
             The game lasted 00:04:16 (3320 turns).

Delamore the Cleaver (Hill Orc Fighter)             Turns: 3320, Time: 00:04:17

Health: -8/51      AC:  6    Str: 24 (26) XL:     6   Next: 64%
Magic:  6/6        EV:  7    Int: 12 (13) God:    Qazlal [*.....]
Gold:   239        SH: 11    Dex:  8 (10) Spells: 5/5 levels left

rFire    . . .     SeeInvis .   a - +0 war axe
rCold    . . .     Gourm    .   c - +0 shield
rNeg     . . .     Faith    .   b - +0 scale mail
rPois    .         Spirit   .   (helmet restricted)
rElec    .         Reflect  .   (no cloak)
rCorr    .         Harm     .   (no gloves)
MR       .....                  (no boots)
Stlth    ..........             (no amulet)
HPRegen  0.17/turn              (no ring)
MPRegen  0.10/turn              (no ring)

@: mighty, brilliant
A: antennae 1, mutation resistance 1
a: Renounce Religion, Convert to Beogh


You were on level 4 of the Dungeon.
You worshipped Qazlal.
Qazlal was aware of your devotion.
You were not hungry.

You visited 1 branch of the dungeon, and saw 4 of its levels.

You collected 239 gold pieces.

Inventory:

Hand Weapons
 a - a +0 war axe (weapon)
Armour
 b - a +0 scale mail (worn)
 c - a +0 shield (worn)
Scrolls
 e - 8 scrolls of identify {unknown}
 g - 2 scrolls of enchant weapon {unknown}
 h - a scroll of enchant armour {unknown}
 j - a scroll of noise {unknown}
 k - 3 scrolls of remove curse {unknown}
 m - 3 scrolls of blinking {unknown}
Potions
 i - 2 potions of curing
 l - a potion of degeneration
 n - a potion of mutation
Comestibles
 f - 4 rations
 p - 2 chunks of flesh


   Skills:
 - Level 3.6 Fighting
 + Level 9.0 Axes
 - Level 3.2 Armour
 - Level 3.2 Shields


You had 5 spell levels left.
You didn't know any spells.
Your spell library was empty.

Dungeon Overview and Level Annotations

Branches:
Dungeon (4/15)
 Temple: D:4-7

Altars:
Qazlal
Sif Muna
Trog

Annotations:
D:4 Grinder


Innate Abilities, Weirdness & Mutations

You have a pair of small antennae on your head.
You are somewhat resistant to further mutation.


Message History

There was something very wrong with that liquid.
You feel weakened.
You feel dopey.
You feel clumsy.
Grinder blinks!
It was a potion of mutation.
You feel extremely strange. A pair of antennae grows on your head!
You feel genetically stable. You block the orc priest's attack.
It was a potion of brilliance.
You feel clever all of a sudden.
The orc priest looks satisfied for a moment.
Grinder blinks!
You closely miss the orc priest. The orc priest hits you.
* * * LOW HITPOINT WARNING * * *
You slash the orc priest!
The orc priest is almost dead.
Grinder blinks!
The orc priest miscasts a cantrip.
You feel very mighty all of a sudden.
The orc priest invokes the aid of Beogh against you.
Beogh smites you!
You die...

######...............
..........#......#.#
############...#.#.#####
#................
...######.#.#### #.. #.#
#. #.# # #.# #@# #o# #.#
#.# #5# ... #.# #.#


You could see Grinder and an orc priest.

Vanquished Creatures
  2 orc priests
  2 orc wizards
  An iguana (D:2)
  A worker ant (D:4)
  A gnoll (D:1)
  8 adders
  A shadow imp (D:3)
  2 oozes
  A worm (D:2)
  4 dart slugs
  2 leopard geckos
  7 orcs
  4 bats
  6 giant cockroaches
  5 goblins
  10 hobgoblins
  3 quokkas
  A ball python (D:1)
  5 frilled lizards
  12 kobolds
  4 rats
82 creatures vanquished.

Notes
Turn   | Place    | Note
-------+----------+-------------------------------------------
     0 | D:1      | Delamore the Hill Orc Fighter began the quest for the Orb.
     0 | D:1      | Reached XP level 1. HP: 19/19 MP: 1/1
    64 | D:1      | Reached skill level 3 in Axes
    77 | D:1      | Reached skill level 4 in Axes
    77 | D:1      | Reached XP level 2. HP: 26/26 MP: 2/2
   423 | D:1      | Reached XP level 3. HP: 30/31 MP: 3/3
   819 | D:1      | Reached skill level 5 in Axes
  1027 | D:2      | Reached XP level 4. HP: 22/39 MP: 4/4
  1039 | D:2      | Found a shimmering blue altar of Sif Muna.
  1288 | D:2      | Found a bloodstained altar of Trog.
  1288 | D:2      | You fall into a shaft and drop 1 floor!
  1367 | D:3      | Found a stormy altar of Qazlal.
  1377 | D:3      | Became a worshipper of Qazlal Stormbringer
  1389 | D:3      | Reached skill level 6 in Axes
  1785 | D:3      | Reached XP level 5. HP: 10/45 MP: 5/5
  1788 | D:3      | Reached skill level 7 in Axes
  2085 | D:2      | Reached * piety under Qazlal
  2357 | D:2      | Reached skill level 8 in Axes
  2363 | D:2      | Reached XP level 6. HP: 26/51 MP: 6/6
  3277 | D:4      | Reached skill level 9 in Axes
  3301 | D:4      | Noticed Grinder
  3307 | D:4      | Paralysed by Grinder for 5 turns
  3313 | D:4      | HP: 2/51 [orc priest/divine providence (12)]
  3316 | D:4      | Gained mutation: You have a pair of small antennae on your
                  | head. [potion of mutation]
  3316 | D:4      | Gained mutation: You are somewhat resistant to further
                  | mutation. [potion of mutation]
  3320 | D:4      | Killed from afar by an orc priest

Levels and vault maps discovered:
D:1:      nzn_arrival_settlement, layout_basic, minmay_heptomino_w4
D:2:      minmay_inner_zag, layout_basic, bloody_trog, lemuel_blue_sif_altar,
          kennysheep_generic_room_4
D:3:      layout_basic, nicolae_qazlal_eye_of_the_storm,
          chequers_serial_rivers_small_b
D:4:      layout_basic, gammafunk_ghost_mausoleum, enter_ossuary_2, uniq_grinder

Skill      XL: |  1  2  3  4  5  6 |
---------------+-------------------+-----
Axes           | 4 5 6 8 9 |  9.0
Fighting       | |  3.6
Armour         | |  3.2
Shields        | |  3.2

Action                   |  1- 3 |  4- 6 || total
-------------------------+-------+-------++-------
Melee: War axe           |    54 |   230 ||   284
  Use: Potion            |       |     5 ||     5
  Eat: Chunk             |       |     5 ||     5
       Ration            |       |     1 ||     1
Armor: Scale mail        |    13 |    93 ||   106
Dodge: Dodged            |    21 |    61 ||    82
Block: Shield            |    28 |   137 ||   165
